AoeStats
← AVCI

Nomad

508035803Analyzed
4v4 RM · 13d ago on Sep 20, 2026· 54m 18s· 8 players
Game mode
Random Map
Map size
231×231
Population
200
Speed
Normal
Resources
Standard
Victory
Conquest
Starting age
Dark Age
Ending age
Imperial Age
RankedLock teamsTeams togetherTeam positionsShared explorationLock speedFull tech treeHidden civsTurbo modeCheats
Victory
Defeat
🇳🇱 Vikings · Netherlands
1580
+13
🇨🇳 Mongols · China
1525
+16
🇳🇱 Malay · Netherlands
1521
+16
1454
+18
🇹🇷 Dravidians · Türkiye
1612
-19
🇨🇦 Persians · Canada
1514
-16
🇹🇷 Lithuanians · Türkiye
1467
-14
🇹🇷 Koreans · Türkiye
1466
-14
AVCI
10:51 Loom
12:59 Feudal Age
13:55 Double-Bit Axe
15:35 Gold Mining
20:24 Wheelbarrow
28:32 Castle Age
41:25 Light Cavalry
42:39 Scale Barding Armor
Persian Assassin
7:25 Loom
22:44 Feudal Age
26:26 Castle Age
24:46 Double-Bit Axe
24:58 Horse Collar
27:39 Bow Saw
32:16 Wheelbarrow
32:06 Scale Barding Armor
34:34 Husbandry
35:30 Bloodlines
35:49 Town Watch
35:37 Light Cavalry
36:42 Heavy Plow
39:32 Forging
40:55 Gold Mining
47:59 Hand Cart
51:20 Imperial Age
49:38 Chain Barding Armor
50:34 Iron Casting
50:53 Gold Shaft Mining
51:02 Cavalier
52:47 Plate Barding Armor
53:12 Blast Furnace
52:27 Savar
The_ropztr
4:38 Loom
14:28 Feudal Age
18:12 Castle Age
19:08 Scale Barding Armor
24:35 Husbandry
25:11 Forging
29:07 Bloodlines
30:48 Chain Barding Armor
30:59 Horse Collar
31:06 Double-Bit Axe
38:23 Wheelbarrow
41:31 Hand Cart
41:02 Town Watch
43:15 Iron Casting
47:51 Imperial Age
47:52 Elite Leitis
48:53 Conscription
49:24 Town Patrol
51:41 Plate Barding Armor
51:18 Tower Shields
Kean
4:56 Loom
13:32 Feudal Age
14:10 Double-Bit Axe
15:56 Fletching
17:08 Town Watch
21:26 Castle Age
22:22 Bow Saw
21:53 Horse Collar
22:26 Bodkin Arrow
29:58 Wheelbarrow
29:50 Stone Mining
30:21 Gold Mining
32:11 Hand Cart
35:04 Imperial Age
32:55 Masonry
32:25 Treadmill Crane
34:15 Gold Shaft Mining
34:16 Stone Shaft Mining
34:35 Heavy Plow
35:31 Town Patrol
36:54 Chemistry
36:24 Bracer
36:51 Ballistics
37:27 Siege Engineers
38:04 Conscription
38:53 Two-Man Saw
38:21 Thumb Ring
38:44 Elite War Wagon
38:57 Elite War Wagon
40:04 Masonry
42:20 Guilds
41:37 Heavy Rocket Cart
43:19 Shinkichon
45:27 Forging
45:17 Scale Mail Armor
48:23 Murder Holes
48:59 Architecture
48:32 Eupseong
52:51 Coinage
54:16 Banking
KingJulien
10:51 Loom
13:37 Feudal Age
20:10 Castle Age
18:31 Double-Bit Axe
30:05 Fletching
30:28 Scale Mail Armor
31:57 Pikeman
32:37 Squires
39:38 Imperial Age
38:08 Chain Mail Armor
38:05 Forging
38:32 Arson
40:12 Bow Saw
39:43 Horse Collar
39:43 Capped Ram
41:34 Plate Mail Armor
44:52 Iron Casting
49:22 Blast Furnace
48:42 Onager
49:39 Siege Engineers
53:06 Siege Ram
Simon Stokvis
4:20 Loom
14:13 Feudal Age
18:24 Castle Age
17:55 Fletching
20:19 Bodkin Arrow
26:34 Medium Warships
29:04 Gold Mining
30:28 Padded Archer Armor
30:54 Double-Bit Axe
35:19 Imperial Age
33:38 Ballistics
35:28 Town Watch
37:25 Chemistry
35:48 Crossbowman
37:03 Thumb Ring
37:57 Leather Archer Armor
38:32 Arbalester
41:03 Wheelbarrow
40:43 Bracer
40:19 Elite Skirmisher
43:22 Ring Archer Armor
李雾月
5:22 Loom
14:26 Feudal Age
18:33 Castle Age
16:38 Double-Bit Axe
16:38 Horse Collar
17:47 Gold Mining
17:49 Stone Mining
17:50 Fletching
20:00 Bodkin Arrow
24:20 Heavy Plow
25:57 Padded Archer Armor
27:18 Wheelbarrow
27:07 Bow Saw
31:16 Leather Archer Armor
35:11 Ballistics
39:01 Imperial Age
37:00 Herbal Medicine
37:45 Hand Cart
37:17 Town Watch
37:53 Husbandry
38:04 Bloodlines
38:57 Thumb Ring
40:43 Chemistry
39:48 Bracer
40:16 Parthian Tactics
40:18 Conscription
40:54 Elite Mangudai
42:34 Town Patrol
43:50 Gold Shaft Mining
44:02 Stone Shaft Mining
44:10 Hoardings
44:45 Coinage
44:23 Scale Barding Armor
44:28 Forging
46:06 Banking
46:00 Siege Engineers
46:06 Careening
45:19 Light Cavalry
46:11 Nomads
48:43 Murder Holes
50:40 Capped Ram
51:41 Siege Ram
52:44 Drill
Yucatan_water_supremacy
4:26 Loom
14:01 Feudal Age
17:48 Castle Age
19:35 Scale Barding Armor
21:27 Chain Barding Armor
29:13 Horse Collar
29:26 Double-Bit Axe
30:04 Town Watch
31:16 Husbandry
38:29 Bloodlines
42:43 Wheelbarrow
49:24 Imperial Age
47:25 Fletching
49:07 Bow Saw
49:14 Hand Cart
49:49 Corvinian Army
49:55 Corvinian Army
50:42 Plate Barding Armor
49:33 Elite Magyar Huszar
51:16 Conscription
53:02 Stone Mining
53:04 Gold Mining
54:02 Heavy Plow
55:03 Two-Man Saw
Connection lost

Rejoining the realm…

Still unreachable

The connection could not be restored.

Session expired

The server has moved on; the page needs a fresh start.